 Dungeon Crawl Stone Soup version 0.26-a0-30-g56b8cd3df0 (webtiles) character file.

Game seed: 3118575671829039800, levelgen mode: deterministic

45 vurker the Conjurer (level 3, -8/20 HPs)
             Began as a Deep Elf Conjurer on May 30, 2020.
             Killed by divine providence
             ... invoked by an orc priest
              (13 damage)
             ... on level 2 of the Dungeon.
             The game lasted 00:01:04 (1303 turns).

vurker the Conjurer (Deep Elf Conjurer)             Turns: 1303, Time: 00:01:04

Health: -8/20      AC:  2    Str:  5    XL:     3   Next: 42%
Magic:  5/10       EV: 13    Int: 20    God:
Gold:   64         SH:  0    Dex: 15    Spells: 9/10 levels left

rFire    . . .     SeeInvis .   i - +0 dagger
rCold    . . .     Gourm    .   (no shield)
rNeg     . . .     Faith    .   a - +0 robe
rPois    .         Spirit   .   (no helmet)
rElec    .         Reflect  .   (no cloak)
rCorr    .         Harm     .   (no gloves)
MR       .....                  (no boots)
Stlth    ++........             (no amulet)
HPRegen  0.06/turn              (no ring)
MPRegen  0.12/turn              (no ring)

@: no status effects
A: no striking features
a: no special abilities


You were on level 2 of the Dungeon.
You were not hungry.

You visited 1 branch of the dungeon, and saw 2 of its levels.

You collected 64 gold pieces.

Inventory:

Hand Weapons
 i - a +0 dagger (weapon)
   (You took it off a goblin on level 1 of the Dungeon)
Armour
 a - a +0 robe (worn)
Scrolls
 c - 3 scrolls of identify {unknown}
 g - a scroll of teleportation {unknown}
 h - 3 scrolls of remove curse {unknown}
Potions
 d - a potion of haste {unknown}
 f - a potion of lignification {unknown}
Comestibles
 b - 2 chunks of flesh
 e - a ration


   Skills:
 + Level 0.9 Fighting
 - Level 2.4 Dodging
 - Level 2.4 Stealth
 * Level 4.0 Spellcasting
 * Level 5.0 Conjurations


You had 9 spell levels left.
You knew the following spells:

 Your Spells              Type           Power        Failure   Level  Hunger
a - Magic Dart            Conj           ###.         1%          1    None

Your spell library contained the following spells:

 Spells                   Type           Power        Failure   Level  Hunger
 Searing Ray              Conj           ###...       2%          2    #......
 Dazzling Flash           Conj/Hex       ##....       14%         3    ###....
 Fulminant Prism          Conj/Hex       ##........   41%         4    ####...
 Iskenderun's Mystic Bla  Conj/Tloc      ##......     41%         4    ####...


Dungeon Overview and Level Annotations

Branches:
Dungeon (2/15)

Altars:


Message History

Found a scroll labeled HERIKY HUUN.
There is a stone staircase leading up here.
Aim: a leopard gecko (asleep)
The magic dart hits the leopard gecko.
You kill the leopard gecko!
You can't see any susceptible monsters within range! (Use Z to cast anyway.)
You can't see any susceptible monsters within range! (Use Z to cast anyway.)
A hobgoblin comes into view.
A hobgoblin is nearby!
Aim: a hobgoblin, wearing an uncursed amulet of the acrobat (wandering, hasn't noticed you)
The magic dart hits the hobgoblin.
The hobgoblin shouts!
Aim: a hobgoblin, wearing an uncursed amulet of the acrobat (lightly wounded)
The magic dart hits the hobgoblin.
Aim: a hobgoblin, wearing an uncursed amulet of the acrobat (almost dead)
The magic dart hits the hobgoblin.
You kill the hobgoblin!
You can't see any susceptible monsters within range! (Use Z to cast anyway.)
An orc priest comes into view. It is wielding a +0 club.
The orc priest shouts!
You hear an angry hiss.
A frilled lizard comes into view.
You see here a leopard gecko corpse.
There are monsters nearby!
There are monsters nearby!
There are monsters nearby!
Aim: an orc priest, wielding a +0 club The magic dart hits the orc priest.
An orc comes into view. It is wielding a +0 mace.
Aim: an orc priest, wielding a +0 club (lightly wounded)
The magic dart hits the orc priest.
The orc shouts!
An orc warrior comes into view. It is wielding a +0 dire flail.
Aim: an orc priest, wielding a +0 club (heavily wounded)
The magic dart hits the orc priest.
An orc comes into view. It is wielding a +0 short sword.
The orc priest invokes the aid of Beogh against you.
Pain shoots through your body!
Aim: an orc priest, wielding a +0 club (almost dead)
The magic dart hits the orc priest but does no damage.
The orc priest calls down the wrath of Beogh upon you.
Beogh smites you!
Ouch! That really hurt!
* * * LOW HITPOINT WARNING * * *
Aim: an orc priest, wielding a +0 club (almost dead)
The magic dart hits the orc priest but does no damage.
A goblin comes into view.
The orc priest mumbles some strange prayers to Beogh against you.
Beogh smites you!
Ouch! That really hurt!
You die...

.... .....
.... ....
# #..
.#.##.###
.."....<#
#......@#
#..?...†#
.......l#
......#.#
......+o.
......#.o
....##....
.... ...g
... .....


You could see an orc priest, an orc, a goblin (wandering) and a frilled lizard.

Vanquished Creatures
  An adder (D:2)
  An ooze (D:1)
  A dart slug (D:1)
  2 leopard geckos (D:2)
  2 giant cockroaches (D:1)
  4 goblins
  3 hobgoblins
  6 kobolds (D:1)
  A ball python (D:1)
  3 bats (D:1)
  A frilled lizard (D:1)
  4 rats (D:1)
29 creatures vanquished.

Notes
Turn   | Place    | Note
-------+----------+-------------------------------------------
     0 | D:1      | vurker the Deep Elf Conjurer began the quest for the Orb.
     0 | D:1      | Reached XP level 1. HP: 10/10 MP: 6/6
   189 | D:1      | Reached XP level 2. HP: 15/15 MP: 4/8
   863 | D:1      | Reached XP level 3. HP: 20/20 MP: 7/10
  1166 | D:2      | Reached skill level 5 in Conjurations
  1300 | D:2      | Noticed an orc warrior
  1303 | D:2      | Killed from afar by an orc priest

Illustrated notes

Levels and vault maps discovered:
D:1:      erik_arrival_triangle_small, layout_loops_ring, minmay_pentomino_x2
D:2:      layout_basic, roderic_lattice_a, grunt_decor_arrowhead, uniq_robin

Skill      XL: |  1  2  3 |
---------------+----------+-----
Spellcasting   | 4 |  4.0
Conjurations   | 5 |  5.0
Fighting       | |  0.9
Dodging        | |  2.4
Stealth        | |  2.4

Action                   || total
-------------------------++-------
 Cast: Magic Dart        ||    61
  Eat: Chunk             ||     1
Armor: Robe              ||     1
Dodge: Dodged            ||     9

Table legend:
 A = Non-vault XP
 B = Vault XP
 C = Vault XP percentage of total XP
 D = Non-vault monster count
 E = Vault monster count
 F = Vault count percentage of total count
                 A         B        C        D         E       F
            +---------+---------+-------+---------+---------+-------
      Total |      63 |       2 |   3.1 |      28 |       1 |   3.4
            +---------+---------+-------+---------+---------+-------
        D:1 |      41 |       2 |   4.7 |      23 |       1 |   4.2
        D:2 |      22 |       0 |   0.0 |       5 |       0 |   0.0
            +---------+---------+-------+---------+---------+-------
